 Dungeon Crawl Stone Soup version 0.29-a0-82-g837932c90e (webtiles) character file.

Game seed: 7946896663360729857

145 lordive the Sneak (level 5, 0/25 HPs)
             Began as a Spriggan Enchanter on Feb 5, 2022.
             Slain by a quokka (4 damage)
             ... on level 3 of the Dungeon.
             The game lasted 00:04:25 (2856 turns).

lordive the Sneak (Spriggan Enchanter)              Turns: 2856, Time: 00:04:25

Health: 0/25       AC:  2    Str:  4    XL:     5   Next: 6%
Magic:  0/10       EV: 18    Int: 19    God:
Gold:   56         SH:  0    Dex: 15    Spells: 5/10 levels left

rFire   . . .      SeeInvis +   a - +1 dagger
rCold   . . .      Faith    .   (no shield)
rNeg    . . .      Spirit   .   b - +0 robe
rPois   .          Reflect  .   (helmet restricted)
rElec   .          Harm     .   (no cloak)
rCorr   .          Rampage  .   (gloves unavailable)
Will    .....                   (boots unavailable)
Stlth   ++........              (no amulet)
HPRegen 0.08/turn               (no ring)
MPRegen 0.12/turn               (no ring)

@: confusing by touch, attractive, slow
A: very small, no large weapons, unfitting armour, see invisible, speed 3
a: no special abilities


You were on level 3 of the Dungeon.
You visited 1 branch of the dungeon, and saw 3 of its levels.
You also visited: Sewer.

You collected 56 gold pieces.

Inventory:

Hand Weapons
 a - a +1 dagger (weapon)
Missiles
 m - 3 poisoned darts
 n - 3 boomerangs
Armour
 b - a +0 robe (worn)
 j - a +0 troll leather armour {Pargi}
Jewellery
 h - a ring of protection from cold
Scrolls
 e - a scroll of enchant weapon {unknown}
 k - a scroll of fog {unknown}
 l - a scroll of summoning {unknown}
Potions
 c - a potion of invisibility
 d - a potion of curing {unknown}
 f - a potion of attraction
 g - a potion of mutation {unknown}
 i - 2 potions of brilliance {unknown}


   Skills:
 * Level 1.0 Fighting
 * Level 2.0 Short Blades
 * Level 1.0 Armour
 * Level 3.4 Dodging
 + Level 5.4 Stealth
 + Level 3.1 Spellcasting
 * Level 4.6 Hexes
 + Level 0.5 Ice Magic


You had 5 spell levels left.
You knew the following spells:

 Your Spells              Type           Power      Damage    Failure   Level
a - Ensorcelled Hibernat  Hex/Ice        24%        N/A       8%          2
b - Confusing Touch       Hex            20%        N/A       7%          3

Your spell library contained the following spells:

 Spells                   Type           Power      Damage    Failure   Level
 Tukima's Dance           Hex            20%        N/A       7%          3
 Dazzling Flash           Conj/Hex       22%        N/A       17%         3


Dungeon Overview and Level Annotations

Branches:
Dungeon (3/15)              Sewer (visited)

Altars:

Shops:
D:1 [

Annotations:
D:3 1 transporter


Innate Abilities, Weirdness & Mutations

You are very small and have problems with some larger weapons.
You are too small for most types of armour.
You have supernaturally acute eyesight. (SInv)
You cover ground extremely quickly. (Speed+++)


Message History

You kill the giant cockroach!
The quokka barely misses you.
Your Short Blades skill increases to level 2!
Sorry, you're not good enough to have a special ability.
Unknown command.
Casting: Ensorcelled Hibernation (safe; 8% risk of failure)
Confirm with . or Enter, or press ? or * to list all spells.
Aiming: Ensorcelled Hibernation (safe; 8% risk of failure)
Press: ? - help, Shift-Dir - straight line, f - quokka
Aim: a quokka (chance to affect: 63%)
The quokka resists with significant effort.
The quokka completely misses you. The quokka barely misses you.
Casting: Ensorcelled Hibernation (safe; 8% risk of failure)
Confirm with . or Enter, or press ? or * to list all spells.
Aiming: Ensorcelled Hibernation (safe; 8% risk of failure)
Press: ? - help, Shift-Dir - straight line, f/p - quokka
Aim: a quokka (chance to affect: 63%)
The quokka looks drowsy...
The quokka misses you.
Your unstable footing causes you to fumble your attack.
The quokka bites you.
Casting: Ensorcelled Hibernation (safe; 8% risk of failure)
Confirm with . or Enter, or press ? or * to list all spells.
The spell is quite dangerous to miscast (7% risk of failure)!
Continue anyway?
Your hands begin to glow red.
The quokka misses you. The quokka barely misses you. x2
Your unstable footing causes you to fumble your attack.
The quokka bites you.
* * * LOW HITPOINT WARNING * * *
The quokka closely misses you.
Unknown command.
Your unstable footing causes you to fumble your attack.
The quokka misses you. The quokka closely misses you.
Your unstable footing causes you to fumble your attack.
The quokka misses you. The quokka bites you.
* * * LOW HITPOINT WARNING * * *
Unknown command.
It was a potion of attraction.
You feel attractive to monsters. The quokka barely misses you.
The quokka bites you.
You die...

#....>.......# #
####......<.....#
#
#...............#
#
#.##............#
#.≈##.#####.....#
..
#≈≈≈###..≈##....#
## ##≈≈##≈..≈
##..# #≈≈#≈r≈#
..# #w≈#≈@≈# .#
#≈≈#≈r≈# #.≈#≈r≈#
#≈≈#≈.≈# #≈≈#≈≈≈#
#....≈## ##...##
#####


You could see 3 quokkas.

Vanquished Creatures
  Pargi (Sewer)
  An adder (D:2)
  3 bats (D:1)
  5 endoplasms
  6 giant cockroaches
  A goblin (D:2)
  2 hobgoblins (D:1)
  3 jackals (D:3)
  12 kobolds
  5 ball pythons
  5 rats
44 creatures vanquished.

Notes
Turn   | Place    | Note
-------+----------+-------------------------------------------
     0 | D:1      | lordive the Spriggan Enchanter began the quest for the Orb.
     0 | D:1      | Reached XP level 1. HP: 9/9 MP: 5/5
   515 | D:1      | Reached XP level 2. HP: 13/13 MP: 6/6
   518 | D:1      | Learned a level 2 spell: Ensorcelled Hibernation
   935 | D:1      | Found Hezasodo's Antique Armour Shop.
  1239 | D:2      | Reached XP level 3. HP: 10/17 MP: 0/8
  1243 | D:2      | Learned a level 3 spell: Confusing Touch
  1483 | D:3      | Reached skill level 5 in Stealth
  1743 | D:3      | Found a transporter.
  1846 | D:3      | Found a glowing drain.
  1854 | Sewer    | Entered a sewer
  2140 | Sewer    | Noticed Pargi
  2157 | Sewer    | Killed Pargi
  2158 | Sewer    | Reached skill level 1 in Fighting
  2158 | Sewer    | Reached skill level 1 in Armour
  2158 | Sewer    | Reached XP level 4. HP: 15/22 MP: 2/9
  2259 | Sewer    | Reached XP level 5. HP: 25/25 MP: 10/10
  2856 | D:3      | Slain by a quokka

Illustrated notes

Levels and vault maps discovered:
D:1:      dpeg_arrival_houses_and_road, layout_basic, serial_shops, shop
D:2:      layout_basic, serial_shops, shop, uniq_robin
D:3:      layout_basic, gammafunk_ghost_abyssal_escape, gup_sewer_entry_pipe

Skill      XL: |  1  2  3  4  5 |
---------------+----------------+-----
Hexes          | 4 |  4.6
Dodging        | 3 |  3.4
Stealth        | 5 |  5.4
Fighting       | 1 |  1.0
Armour         | 1 |  1.0
Spellcasting   | 3 |  3.1
Short Blades   | 2 |  2.0
Ice Magic      | |  0.5

Action                   |  1- 3 |  4- 6 || total
-------------------------+-------+-------++-------
Melee: Dagger            |    90 |    16 ||   106
       Punch             |     1 |       ||     1
 Cast: Ensorcelled Hiber |    23 |     7 ||    30
       Confusing Touch   |     1 |     1 ||     2
  Use: Potion            |       |     1 ||     1
 Stab: Sleeping          |    24 |     7 ||    31
       Confused          |     1 |       ||     1
Armor: Robe              |     6 |     3 ||     9
Dodge: Dodged            |    82 |    20 ||   102

Table legend: (Time is in decaauts)
 A = Elapsed time spent in this place.
 B = Non-inter-level travel time spent in this place.
 C = Inter-level travel time spent in this place.
 D = Time resting spent in this place.
 E = Time spent auto-exploring this place.
 F = Levels seen in this place.
 G = Mean time per level.
                   A        B        C        D        E       F      G
               +--------+--------+--------+--------+--------+-----+--------+
         Total |   2363 |   2341 |     22 |    785 |   1169 |   4 |  590.8 |
       Dungeon |   1442 |   1420 |     22 |     33 |   1074 |   3 |  480.7 |
         Sewer |    920 |    920 |      0 |    752 |     94 |   1 |  920.0 |
               +--------+--------+--------+--------+--------+-----+--------+

Top non-repeatable levels by time:
   Sewer: 920 daAuts
     D:1: 911 daAuts
     D:3: 340 daAuts
     D:2: 191 daAuts
